 Dungeon Crawl Stone Soup version 0.16-a0-4048-g245e628 (webtiles) character file.

1646 timbw the Nimble (level 8, 31/31 HPs)
             Began as a Felid Summoner on Feb 19, 2015.
             Was a Believer of Sif Muna.
             Quit the game on level 10 of the Dungeon.
             The game lasted 00:41:56 (8695 turns).

timbw the Nimble (Felid Summoner)                   Turns: 8695, Time: 00:41:56

Health: 31/31      AC:  2    Str:  4    XL:     8   Next: 67%
Magic:  24/24      EV: 27    Int: 20    God:    Sif Muna [**....]
Gold:   597        SH:  0    Dex: 18    Spells: 5 memorised, 6 levels left
                                        Lives:  0   Deaths: 2

rFire  + . .     SeeInvis +     (weapon unavailable)
rCold  . . .     Clarity  +     (armour unavailable)
rNeg   . . .     SustAb   .     (shield unavailable)
rPois  +         Gourm    .     (helmet unavailable)
rElec  .         Spirit   .     (cloak unavailable)
rCorr  .         Warding  .     (gloves unavailable)
rMut   .         Stasis   .     (boots unavailable)
MR     +....                    H - amulet of clarity
Stlth  +++.......               (no ring)
                                s - ring of protection from fire (curse)

@: quick, somewhat resistant to hostile enchantments, fairly stealthy
A: paw claws, no armour, no weapons or thrown items, fangs 3, horns 1, see
invisible, agile 1, carnivore 3, deformed body, speed 1, poison resistance,
shaggy fur 2, slow metabolism 1, MP-powered wands 1, sharp paws
a: Channel Energy, Forget Spell, Renounce Religion


You were on level 10 of the Dungeon.
You worshipped Sif Muna.
Sif Muna was pleased with you.
You were not hungry.

You visited 2 branches of the dungeon, and saw 13 of its levels.

You collected 597 gold pieces.

Inventory:

Armour
 r - a cursed +0 ring mail
Jewellery
 s - a cursed ring of protection from fire (left paw)
 H - an amulet of clarity (around neck)
Magical devices
 a - a wand of frost (48)
 d - a wand of cold (10)
 f - a wand of magic darts (24)
 g - a wand of fireball (1)
 i - a wand of fire (0)
 u - a wand of digging (5)
 D - a wand of polymorph (16)
 F - a wand of flame (14)
Scrolls
 e - a scroll of recharging
 l - 5 scrolls of immolation
 m - a scroll of vulnerability {unknown}
 n - 6 scrolls of remove curse
 p - 3 scrolls of random uselessness
 w - 2 scrolls of fear
 y - a scroll of noise
Potions
 j - 3 potions of haste
 k - a potion of lignification
 q - 2 potions of might
 t - a potion of heal wounds
 v - a potion of degeneration
 z - 2 potions of brilliance
 A - a potion of poison
 B - 2 potions of curing
 C - 2 potions of invisibility {unknown}
Books
 b - a book of Callings

   Spells                             Type                      Level
   a - Summon Small Mammal            Summoning                    1
   b - Call Imp                       Summoning                    2
   c - Call Canine Familiar           Summoning                    3
   d - Summon Guardian Golem          Hexes/Summoning              4
   e - Summon Lightning Spire         Summoning/Air                4
   f - Summon Ice Beast               Ice/Summoning                4
 o - a book of Fire

   Spells                             Type                      Level
   a - Ignite Poison                  Fire/Transmutation           5
   b - Fireball                       Conjuration/Fire             5
   c - Bolt of Fire                   Conjuration/Fire             6
   d - Delayed Fireball               Conjuration/Fire             7
   e - Ring of Flames                 Charms/Fire                  7
 G - the Volume of Axaxaxas mlö
   (You found it on level 10 of the Dungeon)

   Spells                             Type                      Level
   a - Vampiric Draining              Necromancy                   3
   b - Bolt of Draining               Conjuration/Necromancy       5
 I - the Grimoire of Sand
   (You found it on level 10 of the Dungeon)

   Spells                             Type                      Level
   a - Spider Form                    Transmutation/Poison         3
   b - Ice Form                       Ice/Transmutation            4
 J - the Incunabulum of Combed Thunderclap
   (You found it on level 10 of the Dungeon)

   Spells                             Type                      Level
   a - Mephitic Cloud                 Conjuration/Poison/Air       3
   b - Tornado                        Air                          9
Comestibles
 c - 4 meat rations
 h - 4 beef jerkies


   Skills:
 + Level 11.0 Dodging
 - Level 2.6 Stealth
 + Level 6.5 Spellcasting
 + Level 10.6 Summonings
 + Level 4.0 Invocations


You had 6 spell levels left.
You knew the following spells:

 Your Spells              Type           Power        Failure   Level  Hunger
a - Summon Small Mammal   Summ           ####         1%          1    None
b - Call Imp              Summ           #####...     1%          2    None
c - Call Canine Familiar  Summ           #####...     1%          3    #......
d - Summon Lightning Spi  Summ/Air       ####....     14%         4    ###....
e - Summon Ice Beast      Ice/Summ       ####....     14%         4    ###....


Dungeon Overview and Level Annotations

Branches:
Dungeon (12/15)            Temple (1/1) D:7            Lair (0/8) D:10
    Orc (0/4) D:11

Altars:
Ashenzari
Cheibriados
Dithmenos
Elyvilon
Fedhas
Gozag
Kikubaaqudgha
Makhleb
Nemelex Xobeh
Okawaru
Qazlal
Ru
Sif Muna
Trog
Vehumet
Xom
Yredelemnul
Zin
The Shining One

Shops:
D:4 ?[}}

Annotations:
D:5 1 runed door


Innate Abilities, Weirdness & Mutations

You cannot wear armour.
You are incapable of wielding weapons or throwing items.
You have razor-sharp teeth.
You have supernaturally acute eyesight.
You are carnivorous and can eat meat at any time.
You cover ground quickly.
You are covered in thick fur (AC +2).
You have a slow metabolism.
Your paws have sharp claws that are effective at stabbing.
You have a pair of small horns on your head.
You are agile. (Dex +2)
Your body is misshapen.
Your system is resistant to poisons.
You expend magic power (3 MP) to slightly strengthen your wands.


Message History

Evoking this partially-identified wand wasted a few charges.
The sky beast completely misses you.
Found 16 gold pieces.
The sky beast flickers out of sight for a moment.
The deep elf mage shouts!
The deep elf mage mumbles some strange words.
The deep elf mage conjures a globe of magical energy!
Drink which item? (? for menu, Esc to quit)
Okay, then.
You scratch the battlesphere. You headbutt the battlesphere.
The battlesphere is severely damaged.
The deep elf mage points at you and mumbles some strange words.
The orb of energy hits you!
Ouch! That really hurt!
You die...
The orb of energy explodes!
The mystic blast hits the sky beast.
The battlesphere fires!
The barrage of energy hits you!
You are now level 8!
You rejoin the land of the living...
Are you sure you want to abandon this character and quit the game? (Confirm with "yes".)

.......###.#.####
#......# #.#<#
#......# #.###
#...p..# #.
#.....># #.
#......###*########
#.p##.............#
##.##.......e...$.#
#..#......†Y...@.##
##)#########......#
#.# #5.....# #Y#
#.S....# #.#
#......# #.##
#......# #..#
##.##### ##.#
#......# #.#
#......#


You could see a sky beast (invisible), a deep elf mage, a crimson imp and an
adder.

Vanquished Creatures
  Erolcha (D:9)
  An ugly thing (D:10)
  A crimson imp (D:8)
  2 giant frog zombies
  A centaur skeleton (D:8)
  An orc wizard (D:11)
  A giant mite (D:6)
  3 giant geckos
  4 orcs
  A bat skeleton (D:4)
  2 giant cockroaches
  2 hobgoblins (D:8)
  3 jackals (D:2)
  2 quokkas
  A ball python (D:4)
  4 giant newts
  3 goblins
  5 kobolds
  5 rats
43 creatures vanquished.

Vanquished Creatures (collateral kills)
  2 unseen horrors (D:11)
  A hill giant (D:11)
  2 kobold demonologists (D:12)
  A slime creature (D:12)
  A troll (D:10)
  5 yaks
  3 deep elf magi
  2 hippogriffs
  A wyvern (D:11)
  2 soldier ants (D:11)
  A warg (D:11)
  A water moccasin (D:4)
  2 black bears
  An ice beast (D:9)
  4 orc warriors
  4 ogres
  6 centaurs
  6 giant frogs
  A wyvern zombie (D:12)
  7 big kobolds
  A scorpion (D:10)
  A water moccasin skeleton (D:10)
  A killer bee (D:10)
  A crimson imp (D:12)
  An electric eel (D:11)
  A giant frog zombie (D:5)
  2 orc priests
  A quasit (D:8)
  2 jellies
  A centaur zombie (D:5)
  6 hounds
  8 iguanas
  An iron imp (D:12)
  6 worker ants
  2 orc wizards (D:11)
  A killer bee zombie (D:10)
  Jessica (D:2)
  2 mummies (D:10)
  6 gnolls
  8 adders
  A shadow imp (D:7)
  3 worms
  An adder zombie (D:7)
  4 giant geckos
  32 orcs
  A bat zombie (D:6)
  3 giant cockroaches
  10 goblins
  11 hobgoblins
  10 jackals
  3 quokkas
  2 ball pythons
  3 bats
  A giant gecko zombie (D:7)
  2 giant newts
  A giant spore (D:11)
  A goblin zombie (D:7)
  31 kobolds
  A quokka zombie (D:7)
  8 rats
  A ballistomycete (D:11)
236 creatures vanquished.

Vanquished Creatures (others)
  12 wolves
  38 ice beasts
  17 hounds
  5 crimson imps
  7 lightning spires
  6 shadow imps
  3 white imps
  5 bats
  A giant spore (D:10)
  9 quokkas
  9 rats
  2 ballistomycetes (D:10)
114 creatures vanquished.

Grand Total: 393 creatures vanquished

Notes
Turn   | Place    | Note
--------------------------------------------------------------
     0 | D:1      | timbw, the Felid Summoner, began the quest for the Orb.
     0 | D:1      | Reached XP level 1. HP: 7/7 MP: 4/4
    90 | D:3      | Gained mutation: Your body is misshapen. [potion of mutation]
    90 | D:3      | Gained mutation: Your system is resistant to poisons. [potion of mutation]
    90 | D:3      | Gained mutation: You expend magic power (3 MP) to slightly strengthen your wands. [potion of mutation]
   254 | D:4      | Found Homexefa's Gadget Shoppe.
   267 | D:4      | Found a glowing silver altar of Zin.
   275 | D:4      | Noticed a worker ant
   456 | D:4      | Killed a worker ant
   456 | D:4      | Reached XP level 2. HP: 11/11 MP: 0/5
   460 | D:4      | Learned a level 2 spell: Call Imp
   538 | D:4      | Found Paphegie's Gadget Emporium.
   586 | D:4      | Found Shreavav's Antique Armour Emporium.
   703 | D:4      | Gained mutation: You have a pair of small horns on your head. [potion of mutation]
   703 | D:4      | Gained mutation: You are agile. (Dex +2) [potion of mutation]
   755 | D:4      | Reached skill level 5 in Summonings
   758 | D:4      | Reached XP level 3. HP: 12/14 MP: 3/8
   763 | D:4      | Learned a level 3 spell: Call Canine Familiar
   783 | D:4      | Noticed a water moccasin
   784 | D:4      | Found Enaaph's Magic Scroll Shop.
   936 | D:4      | Killed a water moccasin
   936 | D:4      | Reached XP level 4. HP: 12/18 MP: 0/10
  1051 | D:5      | Entered Level 5 of the Dungeon
  1081 | D:5      | Noticed a centaur
  1089 | D:5      | Killed a centaur
  1089 | D:5      | Reached skill level 6 in Summonings
  1101 | D:5      | Reached XP level 5. HP: 16/21 MP: 4/12
  1195 | D:5      | Found a runed door.
  1758 | D:7      | Found a staircase to the Ecumenical Temple.
  1765 | Temple   | Entered the Ecumenical Temple
  1952 | D:8      | Reached skill level 7 in Summonings
  1952 | D:8      | Gained mutation: You are covered in thick fur (AC +2). [growing up]
  1952 | D:8      | Reached XP level 6. HP: 24/24 MP: 4/14
  2211 | D:8      | Noticed a hippogriff
  2231 | D:8      | Killed a hippogriff
  2231 | D:8      | Reached skill level 5 in Dodging
  2428 | D:7      | Reached XP level 7. HP: 12/27 MP: 3/17
  2466 | D:7      | Learned a level 4 spell: Summon Lightning Spire
  2511 | D:7      | Noticed an ice beast
  2704 | D:7      | Noticed a black bear
  2725 | D:7      | Killed a black bear
  2780 | D:7      | Found a white marble altar of Elyvilon.
  2811 | D:7      | Noticed an ogre
  2821 | D:7      | Killed an ogre
  2821 | D:7      | Reached skill level 8 in Summonings
  3105 | D:6      | Noticed a centaur
  3114 | D:6      | Killed a centaur
  3252 | D:6      | Noticed an orc warrior
  3274 | D:6      | Killed an orc warrior
  3406 | D:6      | Noticed an orc warrior
  3421 | D:6      | Killed an orc warrior
  3687 | D:3      | Reached XP level 8. HP: 31/31 MP: 8/18
  3701 | D:3      | Noticed an orc priest
  3711 | D:3      | Killed an orc priest
  3791 | D:3      | Found a blossoming altar of Fedhas.
  3856 | D:2      | Found a burning altar of Makhleb.
  3856 | D:2      | Noticed a green death
  3880 | D:2      | Found a stormy altar of Qazlal.
  3914 | D:2      | Found a shadowy altar of Dithmenos.
  3973 | D:2      | Found a sparkling altar of Nemelex Xobeh.
  3975 | D:2      | Noticed Jessica
  4004 | D:2      | Killed Jessica
  4039 | D:2      | Found an ancient bone altar of Kikubaaqudgha.
  4520 | D:1      | Found a sparkling altar of Nemelex Xobeh.
  4587 | D:3      | Found a bloodstained altar of Trog.
  5220 | D:7      | HP: 1/31 [iguana (13)]
  5424 | D:9      | Found a shattered altar of Ashenzari.
  5424 | D:9      | Found a deep blue altar of Sif Muna.
  5425 | D:9      | Found a shimmering altar of Xom.
  5425 | D:9      | Noticed Erolcha
  5472 | D:9      | Killed Erolcha
  5472 | D:9      | Reached skill level 9 in Summonings
  5486 | D:9      | Became a worshipper of Sif Muna the Loreminder
  5515 | D:9      | Learned a level 4 spell: Summon Ice Beast
  5753 | D:10     | Entered Level 10 of the Dungeon
  5852 | D:10     | Noticed a purple ugly thing
  5941 | D:10     | Killed a purple ugly thing
  6088 | D:10     | Reached XP level 9. HP: 34/34 MP: 6/23
  6183 | D:10     | Noticed an unseen horror
  6216 | D:10     | Noticed a wizard
  6709 | D:11     | Noticed an unseen horror
  6731 | D:11     | Killed an unseen horror
  6731 | D:11     | Acquired Sif Muna's first power
  6731 | D:11     | Reached skill level 5 in Spellcasting
  7069 | D:11     | Noticed an unseen horror
  7099 | D:11     | Noticed a hill giant
  7115 | D:11     | Killed a hill giant
  7115 | D:11     | Reached skill level 10 in Summonings
  7115 | D:11     | Reached skill level 1 in Invocations
  7207 | D:11     | Reached skill level 10 in Dodging
  7325 | D:11     | Found a staircase to the Orcish Mines.
  7518 | D:10     | Noticed a troll
  7525 | D:10     | Killed a troll
  7543 | D:10     | Identified the Volume of Axaxaxas mlö (You found it on level 10 of the Dungeon)
  7560 | D:10     | Killed from afar by a wizard
  7561 | D:10     | Reached XP level 8. HP: -18/31 MP: 8/23
  7593 | D:10     | Reached XP level 9. HP: 16/34 MP: 11/25
  7622 | D:10     | Identified the Grimoire of Sand
  7629 | D:10     | Identified the Incunabulum of Combed Thunderclap
  7644 | D:10     | You fall through a shaft!
  7701 | D:11     | Killed an unseen horror
  7701 | D:11     | Acquired Sif Muna's second power
  7796 | D:12     | Found a shimmering altar of Xom.
  7818 | D:12     | HP: 1/34 [yak (15)]
  8188 | D:12     | Noticed a kobold demonologist
  8188 | D:12     | Noticed a kobold demonologist
  8202 | D:12     | Noticed a sun demon
  8208 | D:12     | Noticed a sixfirhy
  8208 | D:12     | Killed a kobold demonologist
  8209 | D:12     | Killed a kobold demonologist
  8260 | D:12     | Noticed an unseen horror
  8458 | D:11     | HP: 1/34 [electric eel/bolt of electricity (13)]
  8626 | D:10     | Found a staircase to the Lair.
  8645 | D:10     | Reached skill level 11 in Dodging
  8694 | D:10     | Killed from afar by a deep elf mage
  8695 | D:10     | Reached XP level 8. HP: -12/31 MP: 6/24
  8695 | D:10     | Quit the game

Action                   |  1- 3 |  4- 6 |  7- 9 || total
-------------------------+-------+-------+-------++-------
Melee: Unarmed           |    27 |    62 |   209 ||   298
 Cast: Summon Small Mamm |    28 |     3 |    11 ||    42
       Call Imp          |     7 |    31 |    56 ||    94
       Call Canine Famil |     5 |    24 |    58 ||    87
       Summon Lightning  |       |       |    16 ||    16
       Summon Ice Beast  |       |       |    83 ||    83
Invok: Channel Energy    |       |       |    73 ||    73
Evoke: Wand              |     1 |       |     4 ||     5
  Use: Potion            |     3 |       |     3 ||     6
       Scroll            |     1 |     2 |    18 ||    21
 Stab: Distracted        |       |     1 |     2 ||     3
       Sleeping          |       |     1 |     4 ||     5
  Eat: Chunk             |     3 |    11 |    41 ||    55
       Meat ration       |       |       |     1 ||     1
